 Dungeon Crawl Stone Soup version 0.17-a0-688-g21a41e9 (webtiles) character file.

1753 Chiseanne the Covert (level 8, 0/55 HPs)
             Began as a Spriggan Assassin on Apr 19, 2015.
             Was an Initiate of Gozag.
             Slain by an orc warrior
             ... wielding a +0 glaive
              (12 damage)
             ... in a bailey.
             The game lasted 00:18:50 (6587 turns).

Chiseanne the Covert (Spriggan Assassin)            Turns: 6587, Time: 00:18:51

Health: 0/55       AC: 24    Str:  7    XL:     8   Next: 78%
Magic:  9/9        EV:  4    Int: 12    God:    Gozag
Gold:   657        SH:  7    Dex: 20    Spells: 1 memorised, 6 levels left

rFire  . . .     SeeInvis +     w - +0 blowgun
rCold  . . .     Clarity  .     (armour currently unavailable)
rNeg   + + +     SustAb   +     r - +1 buckler
rPois  +         Gourm    .     (helmet currently unavailable)
rElec  .         Spirit   .     (cloak currently unavailable)
rCorr  .         Warding  .     (gloves unavailable)
rMut   .         NoTele   +     (boots unavailable)
MR     +....                    (no amulet)
Stlth  +++++++++.               k - ring of sustain abilities
                                l - ring of poison resistance

@: tree-form, very slightly contaminated, invisible (expiring), somewhat
resistant to hostile enchantments, incredibly stealthy
A: unfitting armour, see invisible, herbivore 3, (speed 0), slow metabolism 2
a: Potion Petition, Call Merchant, Bribe Branch, Renounce Religion


You were in a bailey.
You worshipped Gozag.
Gozag was noncommittal.
You were not hungry.
You were a tree.
You visited 2 branches of the dungeon, and saw 8 of its levels.
You also visited: Bailey.

You collected 762 gold pieces.
You paid 105 gold pieces to Gozag.

Inventory:

Hand weapons
 a - a +1 rapier of speed
 s - a +0 rapier of electrocution
 u - a cursed -2 blowgun
 w - a +0 blowgun (weapon)
 J - the +5 hammer of Zetoefim {venom, Str+6 Int+3, unknown}
   (You found it on level 6 of the Dungeon)

   It poisons the flesh of those it strikes.
   It affects your strength (+6).
   It affects your intelligence (+3).
Missiles
 c - 37 sling bullets
 e - 13 poisoned needles (quivered)
 f - 2 curare-tipped needles
 p - 2 throwing nets
 y - 2 tomahawks
Armour
 d - a +1 hat (melded)
 h - a +0 robe (melded)
 r - a +1 buckler (worn)
 I - a +0 cloak of poison resistance (melded)
Jewellery
 i - an uncursed ring of fire
 k - a ring of sustain abilities (right branch)
 l - a ring of poison resistance (left branch)
 G - an uncursed ring of ice {unknown}
Magical devices
 t - a wand of flame (21)
 v - a wand of draining (0)
Scrolls
 o - a scroll of fear
 x - 3 scrolls of blinking
 D - 2 scrolls of remove curse
Potions
 j - 2 potions of agility
 m - a potion of brilliance
 n - 2 potions of restore abilities
 H - a potion of resistance {unknown}
Books
 b - a book of Beasts

   Spells                             Type                      Level
   a - Summon Butterflies             Summoning                    1
   b - Call Canine Familiar           Summoning                    3
   c - Summon Ice Beast               Ice/Summoning                4
   d - Summon Mana Viper              Hexes/Summoning              5
   e - Monstrous Menagerie            Summoning                    6
   f - Summon Hydra                   Summoning                    7
Comestibles
 g - 6 bread rations


   Skills:
 - Level 1.5 Fighting
 - Level 2.1 Short Blades
 * Level 4.8 Throwing
 * Level 10.0 Dodging
 * Level 13.1 Stealth


You had 6 spell levels left.
You knew the following spells:

 Your Spells              Type           Power        Failure   Level  Hunger
a - Summon Butterflies    Summ           #.......     58%         1    ##.....


Dungeon Overview and Level Annotations

Branches:
Dungeon (7/15)             Temple (1/1) D:4

Altars:
Cheibriados
Dithmenos
Elyvilon
Fedhas
Gozag
Kikubaaqudgha
Makhleb
Nemelex Xobeh
Okawaru
Qazlal
Ru
Sif Muna
Trog
Vehumet
Xom
Yredelemnul
Zin
The Shining One

Shops:
D:4 :[


Innate Abilities, Weirdness & Mutations

You are tiny and cannot use many weapons and most armour.
You have supernaturally acute eyesight.
You are a herbivore.
((You cover ground extremely quickly.))
You need consume almost no food.


Message History

The orc warrior is no longer distracted by gold.
The orc warrior hits you but does no damage.
Firing (i - inventory. (,) - cycle):
e - 15 poisoned needles (quivered)
Press: ? - help, Shift-Dir - straight line, f/p - orc
Aim: an orc, wielding a hand axe (poisoned)
You shoot a poisoned needle.
The poisoned needle hits the orc warrior!
The orc warrior looks even sicker.
The orc warrior is heavily wounded.
The orc hits you but does no damage.
Firing (i - inventory. (,) - cycle):
e - 14 poisoned needles (quivered)
Press: ? - help, Shift-Dir - straight line, f/p - orc
Aim: an orc, wielding a hand axe (moderately wounded, poisoned)
You shoot a poisoned needle.
The poisoned needle hits the orc warrior!
The orc warrior is heavily wounded.
You flicker for a moment.
The orc warrior hits you from afar with a glaive!
You die...
Your body crumbles into a pile of gold.

############
##....(.o)♣.##
######.......oo...#
o#....#....o.(.o..)#
('o.(.o...$(..(.))∩#
o#..oo#..()oo)..))!#
######.......))...#
##........∩.##
############


You could see 4 orc warriors and 3 orcs.

Vanquished Creatures
  Pikel (D:6)
  A gnoll sergeant (D:6)
  2 slaves (D:6)
  An orc warrior (Bailey)
  A necrophage (D:7)
  An ogre (D:5)
  A centaur (D:6)
  A giant frog (D:6)
  2 scorpions
  3 crimson imps
  A jelly (D:5)
  2 hounds
  Crazy Yiuf (D:6)
  A giant frog skeleton (D:7)
  A centaur skeleton (D:5)
  4 worker ants
  2 hound skeletons (D:4)
  7 adders
  8 gnolls
  A shadow imp (D:6)
  An adder skeleton (D:6)
  4 oozes
  3 giant geckos
  14 orcs (Bailey)
  8 bats
  7 giant cockroaches
  9 hobgoblins
  4 quokkas
  A giant cockroach zombie (D:6)
  4 giant newts
  12 goblins
  12 kobolds
  4 rats
125 creatures vanquished.

Vanquished Creatures (others)
  A slave (D:6)
1 creature vanquished.

Grand Total: 126 creatures vanquished

Notes
Turn   | Place    | Note
--------------------------------------------------------------
     0 | D:1      | Chiseanne, the Spriggan Assassin, began the quest for the Orb.
     0 | D:1      | Reached XP level 1. HP: 10/10 MP: 2/2
    15 | D:1      | Reached skill level 6 in Stealth
   150 | D:1      | Reached XP level 2. HP: 14/14 MP: 3/3
   559 | D:1      | Reached skill level 7 in Stealth
   941 | D:2      | Reached XP level 3. HP: 16/18 MP: 4/4
  1477 | D:2      | Reached skill level 8 in Stealth
  1599 | D:2      | Reached XP level 4. HP: 22/22 MP: 5/5
  3095 | D:4      | Found a staircase to the Ecumenical Temple.
  3116 | Temple   | Entered the Ecumenical Temple
  3213 | Temple   | Became a worshipper of Gozag Ym Sagoz the Greedy
  3329 | D:4      | Reached skill level 9 in Stealth
  3329 | D:4      | Reached XP level 5. HP: 22/25 MP: 6/6
  3370 | D:4      | Learned a level 1 spell: Summon Butterflies
  3426 | D:4      | Found Remnol's Book Emporium.
  3451 | D:4      | Found Lacwuxt's Antique Armour Shop.
  3766 | D:4      | Reached skill level 10 in Stealth
  3968 | D:4      | Reached XP level 6. HP: 21/30 MP: 7/7
  4446 | D:5      | Entered Level 5 of the Dungeon
  4805 | D:5      | Reached skill level 5 in Dodging
  5421 | D:6      | Reached XP level 7. HP: 33/33 MP: 8/8
  5612 | D:6      | Reached skill level 11 in Stealth
  5726 | D:6      | Found a glowing silver altar of Zin.
  6150 | D:6      | Noticed Pikel
  6192 | D:6      | Killed Pikel
  6192 | D:6      | Reached skill level 12 in Stealth
  6192 | D:6      | Reached XP level 8. HP: 30/37 MP: 9/9
  6246 | D:6      | Noticed Crazy Yiuf
  6252 | D:6      | Killed Crazy Yiuf
  6257 | D:6      | Got a dazzling hammer
  6391 | D:7      | Found a flagged portal.
  6413 | Bailey   | Entered a bailey
  6431 | Bailey   | Reached skill level 13 in Stealth
  6462 | Bailey   | Reached skill level 10 in Dodging
  6587 | Bailey   | Slain by an orc warrior

Action                   |  1- 3 |  4- 6 |  7- 9 || total
-------------------------+-------+-------+-------++-------
Melee: Dagger            |    94 |   165 |    89 ||   348
       Rapier            |       |       |   122 ||   122
 Fire: Blowgun           |       |    26 |    55 ||    81
Evoke: Wand              |       |     2 |     1 ||     3
  Use: Scroll            |     3 |     7 |     3 ||    13
       Potion            |       |       |    10 ||    10
 Stab: Sleeping          |    13 |    11 |    16 ||    40
       Invisible         |       |       |     7 ||     7
       Distracted        |       |       |     2 ||     2
  Eat: Royal jelly       |       |     1 |       ||     1
       Pizza             |       |     1 |       ||     1
